 Dungeon Crawl Stone Soup version 0.30.0-16-gbe6223bb7e (webtiles) character file.

Game seed: 6395481010463247476

1960 freelancePsychic the Stinger (level 9, -7/72 HPs)
             Began as a Demonspawn Venom Mage on May 20, 2023.
             Was an Initiate of Cheibriados.
             Mangled by an orc knight
             ... wielding a +0 war axe
              (16 damage)
             ... in a bailey.
             The game lasted 00:10:01 (6048 turns).

freelancePsychic the Stinger (DsVM)                 Turns: 6048, Time: 00:10:02

Health: -7/72      AC:  5    Str: 10    XL:     9   Next: 0%
Magic:  15/15      EV: 15    Int: 21    God:    Cheibriados [......]
Gold:   312        SH:  0    Dex: 15    Spells: 10/17 levels left

rFire   . . .        w - +4 demon trident (elec)
rCold   . . .        (no shield)
rNeg    . . .        c - +1 leather armour
rPois   .            (no helmet)
rElec   .            (no cloak)
rCorr   .            v - +0 pair of gloves
SInv    .            (no boots)
Will    .....        x - amulet of magic regeneration
Stlth   ++           (no ring)
HPRegen 0.32/turn    (no ring)
MPRegen 0.54/turn

%: no passive effects
@: mighty, radiating poison, very slightly contaminated, very slow
A: repulsion field 2, powered by pain 2, demonic magic 1, weakness stinger 2
a: Renounce Religion


You were in a bailey.
You worshipped Cheibriados.
Cheibriados was noncommittal.
You visited 2 branches of the dungeon, and saw 8 of its levels.
You also visited: Bailey.

You collected 377 gold pieces.
You spent 65 gold pieces at shops.

Inventory:

Hand Weapons
 p - the +7 falchion of Evolution {protect, Will+ rCorr}
   (You found it on level 2 of the Dungeon)

   rCorr:     It protects you from acid and corrosion.
   Will:      It increases your willpower.
 w - a +4 demon trident of electrocution (weapon)
Armour
 c - a +1 leather armour (worn)
 v - a +0 pair of gloves (worn)
Jewellery
 x - an amulet of magic regeneration (around neck)
 y - a +6 ring of strength
 A - a +6 ring of dexterity
 C - a +4 ring of protection
Wands
 a - a wand of quicksilver (12)
 n - a wand of mindburst (4)
Scrolls
 b - a scroll of teleportation {@r4}
 e - a scroll of immolation
 h - a scroll of fear
 i - a scroll of noise
 k - a scroll of silence
 r - a scroll of magic mapping
 t - 2 scrolls of poison
 u - 2 scrolls of vulnerability
 B - a scroll of torment
 D - a scroll of enchant weapon
Potions
 d - 3 potions of lignification {unknown}
 f - 2 potions of ambrosia {unknown}
 g - 2 potions of brilliance {unknown}
 j - 9 potions of curing {@q1}
 l - a potion of mutation {unknown}
 m - 3 potions of flight {unknown}
 o - 2 potions of cancellation {unknown}
 q - a potion of degeneration {unknown}
 s - a potion of attraction {unknown}
 z - a potion of berserk rage {unknown}
 E - a potion of might {unknown}


   Skills:
 + Level 7.0 Fighting
 * Level 3.2 Polearms
 + Level 2.1 Dodging
 - Level 2.5 Stealth
 - Level 4.5 Spellcasting
 - Level 0.8 Transmutations
 - Level 0.9 Air Magic
 - Level 7.3 Poison Magic


You had 10 spell levels left.
You knew the following spells:

 Your Spells              Type           Power      Damage    Failure   Level
a - Sting                 Tmut/Pois      84%        1d7       3%          1
b - Poisonous Vapours     Pois/Air       42%        N/A       4%          2
d - Olgreb's Toxic Radia  Pois           35%        N/A       8%          4

Your spell library contained the following spells:

 Spells                   Type           Power      Damage    Failure   Level
 Apportation              Tloc           8%         N/A       16%         1
 Necrotise                Necr           16%        1d4       16%         1
 Slow                     Hex            16%        N/A       16%         1
 Summon Small Mammal      Summ           16%        N/A       16%         1
 Mephitic Cloud           Conj/Pois/Air  16%        N/A       16%         3
 Call Canine Familiar     Summ           4%         N/A       43%         3
 Confusing Touch          Hex            4%         N/A       43%         3
 Portal Projectile        Hex/Tloc       8%         N/A       43%         3
 Stone Arrow              Conj/Erth      8%         3d7       43%         3
 Summon Guardian Golem    Hex/Summ       4%         N/A       43%         3
 Tukima's Dance           Hex            4%         N/A       43%         3
 Vampiric Draining        Necr           4%         2d6       43%         3
 Animate Armour           Summ/Erth      8%         N/A       83%         4
 Blade Hands              Tmut           4%         N/A       97%         5
 Lehudib's Crystal Spear  Conj/Erth      2%         10d2      100%        8


Dungeon Overview and Level Annotations

Branches:
Dungeon (7/15)             Temple (1/1) D:7          Bailey (1/1)

Altars:
Ashenzari
Cheibriados
Dithmenos
Fedhas
Gozag
Hepliaklqana
Kikubaaqudgha
Makhleb
Nemelex Xobeh
Okawaru
Qazlal
Ru
Sif Muna
Trog
Uskayaw
Vehumet
Wu Jian
Xom
Yredelemnul

Shops:
D:2 *   D:5 =


Innate Abilities, Weirdness & Mutations

You are surrounded by a moderate repulsion field. (EV +3)
You sometimes gain power by taking damage.
Spells you cast may paralyse adjacent enemies.
You have a tail ending in a sharp stinger.


Message History

Unknown command.
There is a large open door here.
You reach to attack!
The helpless orc knight fails to defend itself.
You impale the orc knight!!
The orc knight is moderately wounded.
The orc knight hits you with a +0 war axe!
Casting: Olgreb's Toxic Radiance (dangerous; 8% risk of failure)
Confirm with . or Enter, or press ? or * to list all spells.
You miscast Olgreb's Toxic Radiance.
You are very lightly contaminated with residual magic.
You feel incredibly sick!
You are poisoned.
You feel sick.
The orc knight hits you with a +0 war axe.
Casting: Olgreb's Toxic Radiance (dangerous; 8% risk of failure)
Confirm with . or Enter, or press ? or * to list all spells.
You begin to radiate toxic energy.
The orc knight is poisoned.
Malevolent energies surge around you.
You feel sick.
The orc knight hits you with a +0 war axe!
Casting: Olgreb's Toxic Radiance (dangerous; 8% risk of failure)
Confirm with . or Enter, or press ? or * to list all spells.
Your toxic radiance grows in intensity.
Malevolent energies surge around you.
You feel sick.
The orc knight hits you with a +0 war axe!!
* * * LOW HITPOINT WARNING * * *
You focus on the pain.
You feel very mighty all of a sudden.
Okay, then.
As you read the scroll of fear, it crumbles to dust.
You assume a fearsome visage.
The orc knight looks frightened!
Your attack snaps the orc knight out of its fear.
You feel sick.
The orc knight hits you with a +0 war axe!
* * * LOW HITPOINT WARNING * * *
You focus on the pain.
You feel your power returning.
Okay, then.
It was a potion of curing.
You feel better.
The orc knight looks even sicker.
The orc knight hits you with a +0 war axe!
You die...

≈≈≈≈≈≈≈≈≈≈...≈≈≈≈≈≈≈≈≈≈
≈≈≈≈≈≈≈≈≈≈...≈≈≈≈≈≈≈≈≈≈
######~~~~...~~~~######
#...........#
#####'''#####
+.....'..# +.))..'..#
#..⌠..#..####
#.....#.@...#
#.....#..o8.#
#######.....# ####8.#
..# 8.# .# ##


You could see an orc knight (very poisoned).

Vanquished Creatures
  Prince Ribbit (D:6)
  A steam dragon (D:6)
  2 orc warriors
  An ogre (D:4)
  A centaur (D:7)
  2 phantoms
  A kobold brigand (D:5)
  6 scorpions
  2 jellies (D:5)
  2 hounds
  5 orc priests
  A sleepcap (D:5)
  Terence (D:2)
  7 orc wizards
  4 gnolls
  5 adders
  3 ufetubi
  A worm (D:4)
  2 dart slugs
  22 orcs
  7 endoplasms
  2 giant cockroaches (D:4)
  7 hobgoblins
  9 jackals
  A quokka (D:5)
  11 ball pythons
  4 bats
  10 goblins
  17 kobolds
138 creatures vanquished.

Notes
Turn   | Place    | Note
-------+----------+-------------------------------------------
     0 | D:1      | freelancePsychic the Demonspawn Venom Mage began the quest
                  | for the Orb.
     0 | D:1      | Reached XP level 1. HP: 13/13 MP: 3/3
   232 | D:1      | Gained mutation: You are surrounded by a mild repulsion
                  | field. (EV +2) [demonic ancestry]
   232 | D:1      | Reached XP level 2. HP: 19/19 MP: 3/5
  1041 | D:2      | Found Voer's General Store.
  1059 | D:2      | Bought a potion of heal wounds for 65 gold pieces
  1062 | D:2      | Learned a level 2 spell: Poisonous Vapours
  1093 | D:2      | Identified the +7 falchion of Evolution {protect, Will+
                  | rCorr}
  1342 | D:2      | Gained mutation: You sometimes gain a little power by
                  | taking damage. [demonic ancestry]
  1342 | D:2      | Reached XP level 3. HP: 24/24 MP: 3/6
  1505 | D:2      | Found an ornate altar of the Wu Jian Council.
  1509 | D:2      | Noticed Terence
  1558 | D:2      | Killed Terence
  1920 | D:3      | Found a faded altar of an unknown god.
  1968 | D:3      | Gained mutation: You have a small tail. [demonic ancestry]
  1968 | D:3      | Reached XP level 4. HP: 31/31 MP: 4/7
  2070 | D:3      | Reached skill level 1 in Fighting
  2352 | D:4      | Noticed an ogre
  2403 | D:4      | Found an iron altar of Okawaru.
  2580 | D:4      | Killed an ogre
  2581 | D:4      | Gained mutation: Spells you cast may paralyse adjacent
                  | enemies. [demonic ancestry]
  2581 | D:4      | Reached XP level 5. HP: 39/39 MP: 3/8
  2647 | D:4      | Reached skill level 5 in Poison Magic
  2785 | D:4      | Gained mutation: You are surrounded by a moderate repulsion
                  | field. (EV +3) [demonic ancestry]
  2785 | D:4      | Reached XP level 6. HP: 33/47 MP: 6/9
  3094 | D:4      | Gained mutation: You have a tail ending in a sharp stinger.
                  | [demonic ancestry]
  3094 | D:4      | Reached XP level 7. HP: 55/55 MP: 10/10
  3228 | D:4      | Learned a level 4 spell: Olgreb's Toxic Radiance
  3231 | D:5      | Entered Level 5 of the Dungeon
  3281 | D:5      | Reached skill level 5 in Fighting
  3554 | D:5      | Found Marphok's Jewellery Shoppe.
  4066 | D:5      | Gained mutation: You sometimes gain power by taking damage.
                  | [demonic ancestry]
  4066 | D:5      | Reached XP level 8. HP: 61/64 MP: 12/12
  4783 | D:6      | Reached skill level 1 in Polearms
  4958 | D:6      | Noticed Prince Ribbit
  4967 | D:6      | Killed Prince Ribbit
  5826 | D:7      | Found a staircase to the Ecumenical Temple.
  5830 | Temple   | Entered the Ecumenical Temple
  5908 | Temple   | Became a worshipper of Cheibriados the Contemplative
  5965 | D:7      | Found a flagged portal.
  5974 | Bailey   | Entered a bailey
  6006 | Bailey   | Reached XP level 9. HP: 62/72 MP: 13/15
  6039 | Bailey   | Noticed an orc knight
  6047 | Bailey   | HP: 2/72 [orc knight/+0 war axe (17)]
  6048 | Bailey   | Mangled by an orc knight

Illustrated notes

Levels and vault maps discovered:
D:1:      dpeg_arrival_simpleton_c, layout_loops_ring
D:2:      layout_loops_cross, basic_altar, serial_shops, shop, uniq_terence
D:3:      layout_rooms, dreamdust_ecumenical_altar_grove
D:4:      old_forge, layout_rooms, okawaru_trees_1
D:5:      layout_loops_corners, serial_shops, shop, minmay_misc_feat_x,
          minmay_misc_feat_four_crosses
D:6:      layout_basic, kennysheep_generic_room_13, uniq_prince_ribbit1
D:7:      layout_cave_pools, minmay_temple_entry_trees, enter_bailey_4
Temple:   compressed_dpeg_triangle_lava_temple
Bailey:   bailey_axe_of_yendor_kennysheep, bailey

Skill      XL: |  1  2  3  4  5  6  7  8 |
---------------+-------------------------+-----
Stealth        | 2 |  2.5
Poison Magic   | 4 5 6 7 |  7.3
Fighting       | 2 3 4 5 7 |  7.0
Spellcasting   | 4 |  4.5
Polearms       | 3 |  3.2
Dodging        | 2 |  2.1
Transmutations | |  0.8
Air Magic      | |  0.9

Action                     |  1- 3 |  4- 6 |  7- 9 || total
---------------------------+-------+-------+-------++-------
  Melee: Unarmed           |    30 |       |       ||    30
         Falchion          |    32 |    17 |       ||    49
         Demon trident     |       |    76 |   118 ||   194
         Tailslap          |       |    11 |    11 ||    22
   Cast: Sting             |    37 |       |     2 ||    39
         Poisonous Vapours |     6 |    28 |    14 ||    48
         Olgreb's Toxic Ra |       |       |    14 ||    14
    Use: Potion            |     1 |       |     3 ||     4
         Scroll            |     2 |     3 |    11 ||    16
   Stab: Sleeping          |     2 |     2 |     7 ||    11
         Distracted        |       |     1 |       ||     1
         Paralysed         |       |    13 |    12 ||    25
 Armour: Leather armour    |    13 |    19 |    28 ||    60
         Robe              |     1 |       |       ||     1
  Dodge: Dodged            |    57 |    65 |    87 ||   209
